 Dungeon Crawl Stone Soup version 0.30-a0-718-geaa24f58ff (webtiles) character file.

Game seed: 17376461231700521562

597 BaabKaare the Firebug (level 7, 0/51 HPs)
             Began as a Grey Draconian Fire Elementalist on Jan 24, 2023.
             Was a Follower of Sif Muna.
             Succumbed to a water moccasin's poison
             ... on level 5 of the Dungeon on Jan 25, 2023.
             The game lasted 00:11:26 (7941 turns).

BaabKaare the Firebug (DrFE)                        Turns: 7941, Time: 00:11:27

Health: 0/51       AC: 11    Str:  7 (10) XL:     7   Next: 17%
Magic:  2/13       EV: 12    Int: 16 (18) God:    Sif Muna [*.....]
Gold:   202        SH:  0    Dex: 12 (13) Spells: 5/15 levels left

rFire   + . .      SeeInvis .    (no weapon)
rCold   . . .      Faith    .    (no shield)
rNeg    . . .      Spirit   .    (body armour unavailable)
rPois   .          Reflect  .    (helmet restricted)
rElec   .          Harm     .    (no cloak)
rCorr   .          Rampage  .    (no gloves)
Will    .....                    (no boots)
Stlth   ++                       (no amulet)
HPRegen 0.28/turn                n - ring of protection from fire
MPRegen 0.13/turn                (no ring)

@: lethally poisoned (0 -> -1), silenced, flying, hasted, very quick
A: AC +11, amphibious, unfitting armour, cold-blooded, big wings, horns 1, thin
skeletal structure 1
a: Renounce Religion


You were on level 5 of the Dungeon.
You worshipped Sif Muna.
Sif Muna was aware of your devotion.
You visited 1 branch of the dungeon, and saw 5 of its levels.

You collected 202 gold pieces.

Inventory:

Missiles
 l - a throwing net
Jewellery
 n - a ring of protection from fire (left hand)
Scrolls
 b - 4 scrolls of identify {unknown}
 e - 2 scrolls of immolation {unknown}
 f - a scroll of torment {unknown}
 h - 3 scrolls of fog {unknown}
 i - 2 scrolls of teleportation {unknown}
 j - a scroll of enchant armour {unknown}
 k - 4 scrolls of magic mapping {unknown}
 o - a scroll of butterflies {unknown}
 p - 3 scrolls of fear {unknown}
Potions
 c - 2 potions of mutation
 g - a potion of berserk rage
 m - a potion of degeneration


   Skills:
 + Level 0.8 Fighting
 + Level 2.7 Dodging
 + Level 2.6 Stealth
 + Level 4.5 Spellcasting
 + Level 1.2 Conjurations
 + Level 0.5 Translocations
 + Level 5.6 Fire Magic
 + Level 1.1 Air Magic


You had 5 spell levels left.
You knew the following spells:

 Your Spells              Type           Power      Damage    Failure   Level
a - Foxfire               Conj/Fire      56%        2x1d6     4%          1
b - Scorch                Fire           42%        2d7       2%          2
c - Kindle Blastsparks    Fire/Tloc/Air  22%        2d11      17%         3
d - Flame Wave            Conj/Fire      14%        2d6       36%         4

Your spell library contained the following spells:

 Spells                   Type           Power      Damage    Failure   Level
 Inner Flame              Hex/Fire       12%        N/A       16%         3


Dungeon Overview and Level Annotations

Branches:
Dungeon (5/15)
 Temple: D:4-7

Altars:
Gozag
Okawaru
Sif Muna
Trog
The Shining One

Shops:
D:3 *


Innate Abilities, Weirdness & Mutations

Your dull iron-grey scales are very hard. (AC +11)
You are amphibious.
You cannot fit into any form of body armour.
You are cold-blooded and may be slowed by cold attacks.
Your large and strong wings let you fly.
You have a pair of small horns on your head.
You have a somewhat thin skeletal structure. (Dex +2, Stealth+)


Message History

The foxfire hits the water moccasin.
You kill the water moccasin!
Sif Muna accepts your kill.
You have reached level 7!
Your scales start taking on a dull iron-grey colour.
You learn Air Magic much slower.
You learn Earth Magic much quicker.
Unknown command.
There is a lethal amount of poison in your body!
It was a potion of mutation.
You feel extremely strange.
Your wings grow larger and stronger.
A pair of horns grows on your head!
Your bones become slightly less dense.
* * * LOW HITPOINT WARNING * * *
You feel very sick.
It was a potion of degeneration.
There was something very wrong with that liquid.
You feel weakened.
You feel dopey.
You feel clumsy.
* * * LOW HITPOINT WARNING * * *
You feel very sick.
It was a potion of haste.
You feel yourself speed up.
* * * LOW HITPOINT WARNING * * *
You feel sick.
Okay, then.
As you read the scroll labelled ZOTTER JYANI, it crumbles to dust.
A profound silence engulfs you.
It was a scroll of silence.
* * * LOW HITPOINT WARNING * * *
You feel sick.
Magic scrolls do not work when you're silenced!
* * * LOW HITPOINT WARNING * * *
You feel sick.
There is a stone staircase leading down here.
* * * LOW HITPOINT WARNING * * *
You feel sick.
Found 6 stones.
* * * LOW HITPOINT WARNING * * *
You feel sick.
* * * LOW HITPOINT WARNING * * *
You feel sick.
* * * LOW HITPOINT WARNING * * *
You feel sick.
You die...

### #.#
########.###
+.......>..#
###...##†#.#
#...##.#.#
#...##.#.#
#...##.#..
#..@##.###
#...##.#
#...##.#
#(..##.#
#...##.# #
#...##†###.###
#...##.......#
######..###....
#.....## .


There were no monsters in sight!

Vanquished Creatures
  Grinder (D:3)
  A water moccasin (D:5)
  A hound (D:5)
  An orc priest (D:3)
  11 adders
  4 gnolls
  A white imp (D:2)
  2 worms (D:4)
  A dart slug (D:2)
  3 orcs (D:3)
  4 bats
  3 endoplasms
  2 giant cockroaches (D:2)
  7 goblins
  5 hobgoblins
  3 jackals (D:4)
  A quokka (D:3)
  9 ball pythons
  4 frilled lizards
  6 kobolds
  8 rats
  A spectral kobold (D:2)
79 creatures vanquished.

Vanquished Creatures (others)
  41 foxfires
41 creatures vanquished.

Grand Total: 120 creatures vanquished

Notes
Turn   | Place    | Note
-------+----------+-------------------------------------------
     0 | D:1      | BaabKaare the Draconian Fire Elementalist began the quest
                  | for the Orb.
     0 | D:1      | Reached XP level 1. HP: 14/14 MP: 3/3
   768 | D:1      | Reached XP level 2. HP: 20/20 MP: 3/5
   791 | D:1      | Learned a level 2 spell: Scorch
  2184 | D:2      | Reached XP level 3. HP: 26/26 MP: 1/6
  2336 | D:2      | Learned a level 3 spell: Kindle Blastsparks
  2877 | D:2      | Found a faded altar of an unknown god.
  3221 | D:2      | Reached XP level 4. HP: 24/33 MP: 0/8
  3741 | D:2      | Prayed at the altar of an unknown god.
  3741 | D:2      | Became a worshipper of Sif Muna the Loreminder
  3741 | D:2      | Reached * piety under Sif Muna
  3754 | D:2      | Reached skill level 4 in Fire Magic
  4465 | D:3      | Noticed Grinder
  4471 | D:3      | Killed Grinder
  4472 | D:3      | Reached XP level 5. HP: 13/39 MP: 6/10
  4472 | D:3      | Reached XP level 6. HP: 15/46 MP: 6/11
  4948 | D:3      | Learned a level 4 spell: Flame Wave
  4962 | D:3      | Found Gozag's Platinum Reserve.
  4962 | D:3      | Found an opulent altar of Gozag.
  4977 | D:3      | Reached skill level 5 in Fire Magic
  5591 | D:3      | Found a glowing golden altar of the Shining One.
  5831 | D:3      | Found an iron altar of Okawaru.
  5831 | D:3      | Found a bloodstained altar of Trog.
  6039 | D:4      | Reached ** piety under Sif Muna
  6402 | D:4      | Reached skill level 1 in Air Magic
  7868 | D:5      | Entered Level 5 of the Dungeon
  7908 | D:5      | Noticed a water moccasin
  7929 | D:5      | Killed a water moccasin
  7930 | D:5      | Your scales start taking on a dull iron-grey colour.
  7930 | D:5      | Reached XP level 7. HP: 13/51 MP: 0/13
  7930 | D:5      | Gained mutation: Your large and strong wings let you fly.
                  | [potion of mutation]
  7930 | D:5      | Gained mutation: You have a pair of small horns on your
                  | head. [potion of mutation]
  7930 | D:5      | Gained mutation: You have a somewhat thin skeletal
                  | structure. (Dex +2, Stealth+) [potion of mutation]
  7939 | D:5      | HP: 2/51 [poisoned by a water moccasin]
  7941 | D:5      | Succumbed to a water moccasin's poison

Illustrated notes

Levels and vault maps discovered:
D:1:      lightli_arrival_maybe_door_vault, layout_loops_ring
D:2:      layout_loops_ring, dreamdust_ecumenical_altar_drowned_temple
D:3:      layout_basic, grunt_temple_overflow_bloody_war,
          nicolae_gozag_zags_fifth_avenue, mainiacjoe_overflow_alcove_2,
          uniq_grinder
D:4:      layout_basic
D:5:      layout_basic, nicolae_goblin_pals

Skill      XL: |  1  2  3  4  5  6 |
---------------+-------------------+-----
Stealth        | 2 |  2.6
Fire Magic     | 4 5 |  5.6
Dodging        | 2 |  2.7
Spellcasting   | 3 4 |  4.5
Air Magic      | 1 |  1.1
Fighting       | |  0.8
Conjurations   | |  1.2
Translocations | |  0.5

Action                     |  1- 3 |  4- 6 |  7- 9 || total
---------------------------+-------+-------+-------++-------
  Melee: Unarmed           |       |     1 |       ||     1
   Cast: Foxfire           |    20 |     8 |       ||    28
         Scorch            |    18 |    44 |       ||    62
         Kindle Blastspark |     5 |    13 |       ||    18
         Flame Wave        |       |     1 |       ||     1
    Use: Potion            |       |     1 |     3 ||     4
         Scroll            |       |       |     1 ||     1
 Armour: Skin              |     9 |    22 |       ||    31
  Dodge: Dodged            |    15 |    59 |       ||    74

Table legend: (Time is in decaauts)
 A = Elapsed time spent in this place.
 B = Non-inter-level travel time spent in this place.
 C = Inter-level travel time spent in this place.
 D = Time resting spent in this place.
 E = Time spent auto-exploring this place.
 F = Levels seen in this place.
 G = Mean time per level.
                   A        B        C        D        E       F      G
               +--------+--------+--------+--------+--------+-----+--------+
         Total |   7954 |   7903 |     51 |   4892 |   2099 |   5 | 1590.8 |
       Dungeon |   7954 |   7903 |     51 |   4892 |   2099 |   5 | 1590.8 |
               +--------+--------+--------+--------+--------+-----+--------+

Top non-repeatable levels by time:
     D:2: 2429 daAuts
     D:4: 1856 daAuts
     D:1: 1850 daAuts
     D:3: 1747 daAuts
     D:5: 70 daAuts
